 Dungeon Crawl Stone Soup version 0.28-a0-46-g7b1be97da7 (webtiles) character file.

Game seed: 7067752426676705899

169 dmks the Magician (level 5, -1/35 HPs)
             Began as a Djinni Fire Elementalist on July 30, 2021.
             Slain by an orc (5 damage)
             ... on level 4 of the Dungeon.
             The game lasted 00:12:26 (5702 turns).

dmks the Magician (Djinni Fire Elementalist)        Turns: 5702, Time: 00:12:27

Health: -1/35      AC:  2    Str:  7    XL:     5   Next: 79%
Gold:   148        EV: 13    Int: 17    God:
                   SH:  0    Dex: 14

rFire   + + .      SeeInvis .   (no weapon)
rCold   x . .      Faith    .   (no shield)
rNeg    . . .      Spirit   .   a - +0 robe
rPois   ∞          Reflect  .   (no helmet)
rElec   .          Harm     .   (no cloak)
rCorr   .          Rampage  .   (no gloves)
Will    .....                   (boots unavailable)
Stlth   ++........              (no amulet)
HPRegen 0.11/turn               (no ring)
MPRegen 0.00/turn               (no ring)

@: attractive, flying
A: sickness immunity, fire resistance 2, cold vulnerability 1, float, innate
caster, hp casting, extra vitality 1
a: no special abilities


You were on level 4 of the Dungeon.
You visited 1 branch of the dungeon, and saw 4 of its levels.

You collected 148 gold pieces.

Inventory:

Armour
 a - a +0 robe (worn)
 h - a +0 helmet
   (You took it off Robin on level 3 of the Dungeon)
Scrolls
 c - 3 scrolls of identify {@r1}
 e - a scroll of vulnerability {unknown}
 f - a scroll of enchant weapon {unknown}
 i - a scroll of brand weapon {unknown}
 j - a scroll of amnesia {unknown}
 m - a scroll of teleportation {@r4}
Potions
 b - a potion of lignification {unknown}
 d - a potion of brilliance {unknown}
 k - a potion of haste {unknown}
 l - a potion of flight {unknown}


   Skills:
 + Level 3.5 Dodging
 + Level 2.7 Stealth
 * Level 3.7 Spellcasting


You couldn't memorise any spells.
You knew the following spells:

 Your Spells              Type           Power      Damage    Failure   Level
a - Foxfire               Conj/Fire      60%        2x1d7     3%          1
b - Inner Flame           Hex/Fire       15%        N/A       11%         3
c - Corona                Hex            16%        N/A       3%          1
d - Conjure Flame         Conj/Fire      15%        6-21      11%         3
q - Sticky Flame          Conj/Fire      15%        2d4       34%         4
s - Slow                  Hex            15%        N/A       5%          2
x - Fireball              Conj/Fire      7%         3d5       69%         5
Your spell library was empty.

Dungeon Overview and Level Annotations

Branches:
Dungeon (4/15)
 Temple: D:4-7

Altars:
Xom

Shops:
D:2 (


Innate Abilities, Weirdness & Mutations

You are immune to sickness and miasma.
You are immune to poison.
Your flesh is very heat resistant. (rF++)
You are vulnerable to cold. (rC-)
You float through the air rather than walking.
You learn spells naturally, not from books.
Your magical power is your life essence.
You have superior vitality. (+4 HP)


Message History

Really fly into that cloud of flame? [Y]es or [N]o only, please.
Really fly into that cloud of flame? [Y]es or [N]o only, please.
Really fly into that cloud of flame?
Okay, then.
You don't know that spell.
The spell is quite dangerous to cast (11% risk of failure)!
Continue anyway?
Aim: an orc, wielding a +0 mace (chance to affect: 83%)
The orc is filled with an inner flame.
You conjure some foxfire!
The foxfire hits the orc.
Flame seeps out of the orc.
The foxfire hits the orc.
The orc explodes!
The fiery explosion engulfs you! You resist.
You hear a shout! x4
The spell is quite dangerous to cast (11% risk of failure)!
Continue anyway?
Aim: an orc, wielding a +0 flail and wearing a +0 chain mail (chance to affect: 83%)
The orc is filled with an inner flame.
You conjure some foxfire!
* * * LOW HITPOINT WARNING * * *
The orc misses you.
The foxfire hits the orc but does no damage.
The foxfire hits the orc.
The orc hits you with a +0 hand axe.
* * * LOW HITPOINT WARNING * * *
You conjure some foxfire!
* * * LOW HITPOINT WARNING * * *
The orc hits you with a +0 hand axe.
* * * LOW HITPOINT WARNING * * *
The orc hits your foxfire with a +0 hand axe.
The foxfire hits the orc.
The foxfire hits the orc but does no damage.
The orc barely misses you.
You conjure some foxfire!
* * * LOW HITPOINT WARNING * * *
The foxfire hits the orc but does no damage.
The orc hits you but does no damage. The orc hits you with a +0 hand axe.
* * * LOW HITPOINT WARNING * * *
The foxfire hits the orc.
You kill the orc!
The orc closely misses you. The orc hits you but does no damage.
It was a potion of attraction.
You feel attractive to monsters. The orc hits you with a +0 short sword.
* * * LOW HITPOINT WARNING * * *
The orc misses you.
You conjure some foxfire!
* * * LOW HITPOINT WARNING * * *
The orc hits you with a +0 short sword.
You die...

#..........
#..........
#..........
#..........
#....°.....
#...)......
#.)○.......
#oov###.... #.@v# .
#...# #...# #...#
####### #...#
#.....###+# #...#
#....).....
#...#####..........
#..................
#..................


You could see 2 orcs.

Vanquished Creatures
  A water moccasin skeleton (D:4)
  Robin (D:3)
  2 worms
  3 dart slugs
  3 orcs
  7 endoplasms
  5 giant cockroaches
  7 goblins
  12 hobgoblins
  9 jackals
  3 quokkas
  9 ball pythons
  10 bats (D:3)
  A frilled lizard (D:2)
  7 kobolds
  5 rats
85 creatures vanquished.

Vanquished Creatures (others)
  295 foxfires
295 creatures vanquished.

Grand Total: 380 creatures vanquished

Notes
Turn   | Place    | Note
-------+----------+-------------------------------------------
     0 | D:1      | dmks the Djinni Fire Elementalist began the quest for the
                  | Orb.
     0 | D:1      | Reached XP level 1. HP: 15/15 MP: 0/0
   208 | D:1      | Reached XP level 2. HP: 18/21 MP: 0/0
   456 | D:1      | You are sucked into a shaft and drop 1 floor!
  1124 | D:1      | Reached XP level 3. HP: 24/25 MP: 0/0
  1124 | D:1      | Learned a level 1 spell: Corona
  2092 | D:2      | Reached XP level 4. HP: 26/31 MP: 0/0
  2649 | D:2      | Found Zarogeqo's Antique Weapon Shop.
  2975 | D:3      | Found a shimmering altar of Xom.
  4262 | D:3      | Reached XP level 5. HP: 32/35 MP: 0/0
  4262 | D:3      | Learned a level 2 spell: Slow
  4300 | D:3      | Noticed Robin
  4835 | D:3      | Killed Robin
  4849 | D:3      | HP: 1/35 [goblin/sling bullet[Robin] (7)]
  5702 | D:4      | Slain by an orc

Illustrated notes

Levels and vault maps discovered:
D:1:      lemuel_arrival_hallway, layout_basic
D:2:      layout_loops_ring, serial_shops, nicolae_diamond_shop
D:3:      layout_basic, xom_teletrap_fun, roderic_batcave, grunt_decor_fettered,
          hangedman_feature_mirror, minmay_misc_feat_pillars, roderic_lattice_a,
          minmay_misc_feat_room, grunt_decor_clamped, st_stairs_2,
          nicolae_underground_beach, uniq_robin
D:4:      minmay_general_purpose_star, layout_basic, serial_shops,
          nicolae_shop_trees, minmay_manual_monstrance

Skill      XL: |  1  2  3  4 |
---------------+-------------+-----
Stealth        | 2 |  2.7
Spellcasting   | 3 |  3.7
Dodging        | 3 |  3.5

Action                   |  1- 3 |  4- 6 || total
-------------------------+-------+-------++-------
Melee: Unarmed           |     1 |     3 ||     4
 Cast: Foxfire           |    72 |   114 ||   186
       Inner Flame       |       |     6 ||     6
       Conjure Flame     |       |     1 ||     1
       Slow              |       |     1 ||     1
  Use: Potion            |       |     3 ||     3
       Scroll            |       |     2 ||     2
Armor: Robe              |       |    12 ||    12
Dodge: Dodged            |    11 |    59 ||    70

Table legend: (Time is in decaauts)
 A = Elapsed time spent in this place.
 B = Non-inter-level travel time spent in this place.
 C = Inter-level travel time spent in this place.
 D = Time resting spent in this place.
 E = Time spent auto-exploring this place.
 F = Levels seen in this place.
 G = Mean time per level.
                   A        B        C        D        E       F      G
               +--------+--------+--------+--------+--------+-----+--------+
         Total |   5703 |   5615 |     88 |   1501 |   3531 |   4 | 1425.8 |
       Dungeon |   5703 |   5615 |     88 |   1501 |   3531 |   4 | 1425.8 |
               +--------+--------+--------+--------+--------+-----+--------+

Top non-repeatable levels by time:
     D:3: 2333 daAuts
     D:1: 1616 daAuts
     D:2: 1380 daAuts
     D:4: 372 daAuts
